 Dungeon Crawl Stone Soup version 0.28-a0-561-gc72452776e (webtiles) character file.

Game seed: 18202278825822944199

38983 KristoblXynda the Spry (level 13, -3/65 HPs)
             Began as a Spriggan Berserker on Sept 29, 2021.
             Was a High Priest of Trog.
             Slain by a yak (4 damage)
             ... while petrified by a basilisk
             ... on level 6 of the Lair of Beasts.
             The game lasted 00:35:38 (18277 turns).

KristoblXynda the Spry (Spriggan Berserker)        Turns: 18277, Time: 00:35:39

Health: -3/65      AC: 11    Str: 18    XL:     13   Next: 66%
Magic:  14/14      EV:  4    Int:  9    God:    Trog [*****.]
Gold:   853        SH:  0    Dex: 31    Spells: 12/12 levels left

rFire   . . .      SeeInvis +   n - +4 rapier (freeze)
rCold   . . .      Faith    .   u - +1 buckler {rPois}
rNeg    + + +      Spirit   .   e - +1 troll leather armour
rPois   ∞          Reflect  +   E - +2 hat
rElec   .          Harm     .   z - +2 cloak
rCorr   +          Rampage  .   (gloves unavailable)
Will    +....                   (boots unavailable)
Stlth   ++++++++..              O - amulet "Gapoq" {Reflect rPois Will- Dex+6 SH+5}
HPRegen 1.20/turn               J - ring of Xom's Wantonness {rCorr Str+3 Int-2 Dex+4 SInv Stlth+}
MPRegen 0.14/turn               F - +6 ring of dexterity

@: petrified, very quick
A: very small, no large weapons, unfitting armour, see invisible, speed 3
a: Renounce Religion, Berserk, Trog's Hand, Brothers in Arms


You were on level 6 of the Lair of Beasts.
You worshipped Trog.
Trog was extremely pleased with you.
You visited 3 branches of the dungeon, and saw 17 of its levels.
You also visited: Gauntlet.

You collected 1313 gold pieces.
You spent 460 gold pieces at shops.

Inventory:

Hand Weapons
 n - a +4 rapier of freezing (weapon)
 x - a +5 antimagic quick blade
 y - a +3 rapier of holy wrath
 L - the +7 fustibalus "Apoiwodu" {venom, rC+ rN+}
   (You took it off a minotaur in a Gauntlet)

   Any ammunition fired from it poisons the flesh of those it strikes.
   rC:        It protects you from cold.
   rN:        It protects you from negative energy.
Missiles
 D - a throwing net (quivered)
Armour
 e - a +1 troll leather armour (worn)
 g - +0 gold dragon scales
 u - a +1 buckler of poison resistance (worn)
 z - a +2 cloak (worn)
 E - a +2 hat (worn)
Jewellery
 h - a ring of poison resistance
 q - a ring of willpower
 v - an amulet of regeneration
 F - a +6 ring of dexterity (right hand)
 H - the ring of the Shrike {rF++ MP+9}
   (You found it in a Gauntlet)

   [ring of magical power]

   rF:        It greatly protects you from fire.
   MP:        It affects your magic capacity (+9).
 I - the ring of Lies {rCorr EV+4 Int+3}
   (You found it in a Gauntlet)

   [ring of evasion]

   EV:        It affects your evasion (+4).
   Int:       It affects your intelligence (+3).
   rCorr:     It protects you from acid and corrosion.
 J - the ring of Xom's Wantonness (left hand) {rCorr Str+3 Int-2 Dex+4 SInv Stlth+}
   (You took it off a minotaur in a Gauntlet)

   [ring of resist corrosion]

   Str:       It affects your strength (+3).
   Int:       It affects your intelligence (-2).
   Dex:       It affects your dexterity (+4).
   SInv:      It lets you see invisible.
   rCorr:     It protects you from acid and corrosion.
   Stlth:     It makes you more stealthy.
 O - the amulet "Gapoq" (around neck) {Reflect rPois Will- Dex+6 SH+5}
   (You found it on level 6 of the Lair of Beasts)

   [amulet of reflection]

   It reflects blocked missile attacks.
   Dex:       It affects your dexterity (+6).
   rPois:     It protects you from poison.
   SH:        It affects your SH (+5).
   Will:      It decreases your willpower.
Wands
 c - a wand of iceblast (31)
 j - a wand of charming (1)
 l - a wand of digging (21)
 G - a wand of paralysis (11)
Scrolls
 a - 2 scrolls of fog
 p - 5 scrolls of enchant weapon
 w - 2 scrolls of immolation
 K - a scroll of identify
 M - a scroll of teleportation
Potions
 b - a potion of heal wounds
 d - 3 potions of ambrosia
 f - 2 potions of cancellation
 i - 3 potions of might
 k - 4 potions of flight
 m - 4 potions of mutation
 o - 2 potions of attraction
 r - 3 potions of lignification
 s - 5 potions of curing
 A - a potion of resistance {unknown}
 B - a potion of berserk rage
 C - a potion of haste
Miscellaneous
 t - a lightning rod (4/4)
 N - a box of beasts


   Skills:
 + Level 6.2 Fighting
 + Level 13.5 Short Blades
 + Level 5.1 Armour
 - Level 15.1 Dodging
 - Level 15.0 Stealth
 + Level 8.3 Shields


You had 12 spell levels left.
You didn't know any spells.
Your spell library contained the following spells:

 Spells                   Type           Power      Damage    Failure   Level
 Beastly Appendage        Tmut           0%         N/A       43%         1
 Shock                    Conj/Air       0%         1d3       43%         1
 Summon Small Mammal      Summ           0%         N/A       43%         1
 Blink                    Tloc           N/A        N/A       58%         2
 Slow                     Hex            0%         N/A       58%         2
 Call Canine Familiar     Summ           0%         N/A       82%         3
 Confusing Touch          Hex            0%         N/A       82%         3
 Frozen Ramparts          Ice            0%         1d2       82%         3
 Summon Guardian Golem    Hex/Summ       0%         N/A       82%         3
 Swiftness                Air            0%         N/A       82%         3
 Tukima's Dance           Hex            0%         N/A       82%         3
 Airstrike                Air            0%         N/A       99%         4
 Animate Dead             Necr           0%         N/A       99%         4
 Ice Form                 Ice/Tmut       0%         N/A       99%         4
 Passage of Golubria      Tloc           N/A        N/A       99%         4
 Summon Ice Beast         Ice/Summ       0%         N/A       99%         4
 Summon Lightning Spire   Summ/Air       0%         N/A       99%         4
 Borgnjor's Vile Clutch   Necr/Erth      0%         N/A       100%        5
 Manifold Assault         Tloc           0%         N/A       100%        5
 Yara's Violent Unravell  Hex/Tmut       0%         3d3       100%        5
 Death Channel            Necr           0%         N/A       100%        6
 Storm Form               Tmut/Air       0%         N/A       100%        7
 Maxwell's Capacitive Co  Air            0%         ∞         100%        8


Dungeon Overview and Level Annotations

Branches:
Dungeon (12/15)            Temple (1/1) D:7            Lair (6/6) D:11
 Shoals (0/4) Lair:3       Spider (0/4) Lair:3      Gauntlet (visited)
  Slime: Lair:5-6       Orc: D:9-12

Altars:
Ashenzari
Cheibriados
Dithmenos
Elyvilon
Fedhas
Gozag
Hepliaklqana
Kikubaaqudgha
Makhleb
Nemelex Xobeh
Okawaru
Qazlal
Ru
Sif Muna
Trog
Uskayaw
Vehumet
Wu Jian
Xom
Yredelemnul
Zin
The Shining One

Shops:
D:5 ![!(   D:10 *[*


Innate Abilities, Weirdness & Mutations

You are very small and have problems with some larger weapons.
You are too small for most types of armour.
You have supernaturally acute eyesight. (SInv)
You cover ground extremely quickly. (Speed+++)


Message History

The wolf bites you. The komodo dragon bites you!!
The wolf bites you but does no damage. The yak gores you but does no damage.
The wolf bites you. The wolf bites you but does no damage.
The wyvern bites you. The yak gores you. The wolf bites you.
The wolf bites you but does no damage. The wolf barely misses you.
The komodo dragon bites you!! The yak gores you! The wyvern barely misses you.
The wolf bites you but does no damage. The wolf bites you. x2
The yak gores you.
The wyvern bites you but does no damage.
The wolf bites you but does no damage. The wolf bites you!
The komodo dragon bites you. The yak gores you but does no damage.
The wolf bites you. The wolf bites you but does no damage.
The wyvern bites you but does no damage.
The wolf bites you! The yak gores you but does no damage.
The wolf bites you but does no damage. The wolf bites you!
* * * LOW HITPOINT WARNING * * *
The wyvern bites you.
* * * LOW HITPOINT WARNING * * *
The komodo dragon bites you but does no damage.
The yak gores you.
* * * LOW HITPOINT WARNING * * *
The wolf bites you.
* * * LOW HITPOINT WARNING * * *
The wolf bites you but does no damage. x2
The yak gores you but does no damage. The wolf bites you but does no damage.
The wyvern bites you.
* * * LOW HITPOINT WARNING * * *
The wolf bites you but does no damage. The komodo dragon bites you.
* * * LOW HITPOINT WARNING * * *
The yak gores you but does no damage. The wolf bites you.
The wolf bites you but does no damage. The wyvern bites you!
* * * LOW HITPOINT WARNING * * *
The wolf bites you but does no damage. The yak gores you but does no damage.
The wolf bites you.
* * * LOW HITPOINT WARNING * * *
The wolf bites you.
* * * LOW HITPOINT WARNING * * *
The yak gores you!
You die...

*,,,,,,,,,,,,*,*** ****,,,
***,,,,,,,,..###P##****,,,,,,
**,,,,,,,,....#..##,,,,,,,,,
*,,,,,,,,*.........,,,,,,,**
*,,,,,,,,*#.........,,,,,***
***,,,*####.........,,**,,,,
****##...l.....P##***,,,,,
#...hhl....P.# *,,,,,
##...h@Y......# **,,,,,
#....l.Y.....##**,,,,,,
###..........P#*,,,....
#....$.....#**,,.....
#......$..## **......
#.........# ###......
###......†###........ ***
#.........##.#......
*,**##.....?.#..#.......


You could see a komodo dragon, 2 yaks, a basilisk (slow), a wyvern and 3 wolves.

Vanquished Creatures
  Erolcha (D:11)
  3 hydras
  3 two-headed ogres
  A death knight (D:11)
  A deep elf pyromancer (D:9)
  2 cyclopes
  An ugly thing (D:9)
  Joseph (D:8)
  3 black mambas
  4 elephants (Gauntlet)
  5 cane toads
  2 large abominations (Gauntlet)
  2 torpor snails
  A gargoyle (D:8)
  Psyche (D:11)
  5 komodo dragons
  A rime drake (Lair:2)
  An efreet (Gauntlet)
  A freezing wraith (D:11)
  2 jumping spiders (Lair:3)
  5 trolls
  A polar bear (Lair:3)
  Prince Ribbit (D:8)
  14 blink frogs
  A redback (Lair:3)
  5 wyverns
  45 yaks
  A basilisk (Lair:3)
  3 fire elementals (Gauntlet)
  6 small abominations (Gauntlet)
  2 vampire mosquitoes (D:10)
  2 steam dragons
  2 acid dragons
  A hell hound (Gauntlet)
  11 water moccasins
  A gnoll sergeant (D:6)
  7 ice beasts
  5 orc warriors
  An ice beast (shapeshifter) (D:9)
  2 sky beasts
  2 hornet zombies
  4 black bears
  2 ogres
  6 centaurs
  4 wolves (Lair:3)
  A phantom (D:6)
  2 kobold brigands
  18 bullfrogs
  3 scorpions
  5 killer bees (D:9)
  10 wights
  6 electric eels (D:10)
  6 howler monkeys
  2 jellies (D:6)
  A lava snake (D:9)
  2 centaur zombies (D:8)
  3 hounds
  2 bullfrog skeletons
  A gnoll shaman (D:6)
  A scorpion zombie (D:5)
  5 iguanas
  5 orc wizards
  A hound skeleton (D:5)
  A howler monkey zombie (D:9)
  6 adders
  A shadow imp (D:7)
  4 white imps
  A worm (D:3)
  3 dart slugs (D:1)
  11 orcs
  8 ball pythons
  5 bats
  5 endoplasms
  3 giant cockroaches
  15 goblins
  17 hobgoblins
  3 jackals (D:1)
  18 kobolds
  A quokka (D:1)
  5 frilled lizards
  6 rats
362 creatures vanquished.

Vanquished Creatures (collateral kills)
  A minotaur (Gauntlet)
  3 hydras (Lair:6)
  A phantasmal warrior (D:11)
  A freezing wraith (D:11)
  A polar bear (Lair:6)
  2 ogres (D:6)
  A kobold brigand (D:8)
  A scorpion (D:6)
  An orc (D:8)
  2 butterflies (Lair:6)
14 creatures vanquished.

Vanquished Creatures (others)
  A kobold (D:8)
  42 fungi
  23 plants
66 creatures vanquished.

Grand Total: 442 creatures vanquished

Notes
Turn   | Place    | Note
-------+----------+-------------------------------------------
     0 | D:1      | KristoblXynda the Spriggan Berserker began the quest for
                  | the Orb.
     0 | D:1      | Reached XP level 1. HP: 11/11 MP: 2/2
   278 | D:1      | Reached skill level 1 in Stealth
   290 | D:1      | Reached XP level 2. HP: 14/16 MP: 3/3
  1130 | D:1      | Found a faded altar of an unknown god.
  1147 | D:1      | Reached XP level 3. HP: 14/19 MP: 4/4
  1184 | D:1      | Got Plato's Handbook of Shape Shifting
  1377 | D:1      | Reached ** piety under Trog
  3109 | D:2      | Reached XP level 4. HP: 17/23 MP: 5/5
  4010 | D:3      | Reached skill level 5 in Dodging
  4231 | D:3      | Noticed a bullfrog
  4240 | D:3      | Killed a bullfrog
  4241 | D:3      | Reached XP level 5. HP: 28/28 MP: 6/6
  4866 | D:3      | Reached *** piety under Trog
  5603 | D:4      | Reached XP level 6. HP: 23/32 MP: 7/7
  6410 | D:4      | Reached skill level 5 in Short Blades
  6574 | D:5      | Entered Level 5 of the Dungeon
  6633 | D:5      | Found Yleosm's Antique Armour Shoppe.
  6636 | D:5      | Bought a glowing buckler for 172 gold pieces
  6640 | D:5      | Reached skill level 5 in Stealth
  6677 | D:5      | Found Sonkuk's Distillery.
  6696 | D:5      | Bought a potion of curing for 36 gold pieces
  6740 | D:5      | Reached XP level 7. HP: 37/37 MP: 8/8
  6813 | D:5      | Found Ixtat's Distillery.
  6815 | D:5      | Found Ulinna's Antique Weapon Shoppe.
  6868 | D:5      | Bought a potion of heal wounds for 65 gold pieces
  7711 | D:6      | Noticed a cyclops
  7741 | D:6      | Killed a cyclops
  7742 | D:6      | Reached XP level 8. HP: 31/42 MP: 9/9
  7917 | D:6      | Reached skill level 5 in Fighting
  8251 | D:6      | Reached skill level 1 in Shields
  8410 | D:6      | Reached XP level 9. HP: 47/47 MP: 10/10
  8592 | D:6      | Reached **** piety under Trog
  9350 | D:7      | Noticed a troll
  9355 | D:7      | Killed a troll
  9356 | D:7      | Reached skill level 10 in Stealth
  9627 | D:7      | Found a staircase to the Ecumenical Temple.
  9656 | Temple   | Entered the Ecumenical Temple
 10202 | D:8      | Reached skill level 10 in Dodging
 10223 | D:8      | Noticed Prince Ribbit
 10251 | D:8      | Noticed a gargoyle
 10263 | D:8      | Killed a gargoyle
 10301 | D:8      | Reached XP level 10. HP: 22/51 MP: 11/11
 10566 | D:8      | Noticed Joseph
 10587 | D:8      | Killed Joseph
 10991 | D:8      | Killed Prince Ribbit
 11109 | D:8      | Found a hide-covered altar of Uskayaw.
 11332 | D:9      | Noticed a deep elf pyromancer
 11349 | D:9      | Killed a deep elf pyromancer
 11490 | D:9      | Found a hazy altar of Hepliaklqana.
 11963 | D:9      | Reached ***** piety under Trog
 12103 | D:9      | Reached XP level 11. HP: 55/55 MP: 12/12
 12210 | D:9      | Noticed a green ugly thing
 12230 | D:9      | Killed a green ugly thing
 12231 | D:9      | Reached skill level 10 in Short Blades
 12231 | D:9      | Reached skill level 5 in Shields
 12633 | D:10     | Entered Level 10 of the Dungeon
 13068 | D:10     | Found Uwataaskey's Specific Store.
 13070 | D:10     | Found Plog's General Store.
 13212 | D:10     | Received a gift from Trog
 13215 | D:10     | Noticed a two-headed ogre
 13243 | D:10     | Killed a two-headed ogre
 13307 | D:10     | Found Zomuck's Antique Armour Emporium.
 13316 | D:10     | Bought a glowing cloak for 187 gold pieces
 14183 | D:11     | Noticed a phantasmal warrior
 14184 | D:11     | Noticed a death knight
 14197 | D:11     | Killed a phantasmal warrior
 14219 | D:11     | Killed a death knight
 14317 | D:11     | Noticed a two-headed ogre
 14329 | D:11     | Killed a two-headed ogre
 14606 | D:11     | Noticed Psyche
 14613 | D:11     | Killed Psyche
 14625 | D:11     | Found a staircase to the Lair.
 14668 | D:11     | Found a white marble altar of Elyvilon.
 14674 | D:11     | Noticed Erolcha
 14694 | D:11     | Killed Erolcha
 14695 | D:11     | Reached XP level 12. HP: 43/60 MP: 13/13
 14821 | D:11     | Noticed a two-headed ogre
 14828 | D:11     | Killed a two-headed ogre
 14829 | D:11     | Reached skill level 15 in Stealth
 14912 | Lair:1   | Entered Level 1 of the Lair of Beasts
 15105 | Lair:1   | Reached skill level 1 in Armour
 15630 | Lair:1   | Noticed a five-headed hydra
 15640 | Lair:1   | Killed a five-headed hydra
 15961 | Lair:2   | Identified a scroll of acquirement
 15961 | Lair:2   | Acquired +0 gold dragon scales
 16037 | Lair:2   | Noticed a five-headed hydra
 16052 | Lair:2   | Killed a five-headed hydra
 16160 | Lair:2   | Noticed an eight-headed hydra
 16172 | Lair:2   | Killed an eight-headed hydra
 16230 | Lair:2   | Received a gift from Trog
 17126 | Lair:3   | Reached XP level 13. HP: 52/63 MP: 14/14
 17163 | Lair:3   | Found a hole to the Spider Nest.
 17200 | Lair:3   | Reached skill level 15 in Dodging
 17605 | Lair:3   | Found a staircase to the Shoals.
 17615 | Lair:3   | You fall into a shaft and drop 3 floors!
 17615 | Lair:6   | Entered Level 6 of the Lair of Beasts
 17705 | Lair:6   | Found a gate leading to a gauntlet.
 17726 | Gauntlet | Entered a Gauntlet
 17726 | Gauntlet | Found a transporter.
 17726 | Gauntlet | Found a transporter.
 17730 | Gauntlet | Found a transporter.
 17731 | Gauntlet | Found a transporter.
 17733 | Gauntlet | Found a transporter.
 17780 | Gauntlet | Found a transporter.
 17783 | Gauntlet | Found a transporter.
 17783 | Gauntlet | Found a transporter.
 17796 | Gauntlet | Found a transporter.
 17812 | Gauntlet | Found a transporter.
 17822 | Gauntlet | Found a transporter.
 17836 | Gauntlet | Found a transporter.
 17857 | Gauntlet | Found a transporter.
 17870 | Gauntlet | Found a transporter.
 17942 | Gauntlet | Identified the ring of Lies {rCorr EV+4 Int+3}
 18083 | Gauntlet | Received a gift from Trog
 18147 | Gauntlet | Identified the ring of the Shrike {rF++ MP+9}
 18159 | Gauntlet | Identified the +11 broad axe of Sunlight {flame, Int+2}
 18159 | Gauntlet | Identified the +7 fustibalus "Apoiwodu" {venom, rC+ rN+}
 18159 | Gauntlet | Identified the +3 chain mail "Pamnox" {rF+ SInv}
 18159 | Gauntlet | Identified the ring of Xom's Wantonness {rCorr Str+3 Int-2
                  | Dex+4 SInv Stlth+}
 18159 | Gauntlet | Noticed a minotaur
 18164 | Gauntlet | Killed a minotaur
 18165 | Gauntlet | Reached skill level 5 in Armour
 18211 | Lair:6   | Identified the amulet "Gapoq" {Reflect rPois Will- Dex+6
                  | SH+5}
 18277 | Lair:6   | HP: 3/65 [wolf (1)]
 18277 | Lair:6   | HP: 1/65 [wolf (2)]
 18277 | Lair:6   | Slain by a yak

Illustrated notes

Levels and vault maps discovered:
D:1:      dpeg_arrival_lava_temple_mockup, layout_loops_ring,
          shapermc_ecumenical_altar_rom_forum, grunt_decor_arrowhead,
          minmay_misc_feat_iff, minmay_pentomino_p2
D:2:      cheibrodos_greedy_goblins, layout_basic, minmay_circle_x
D:3:      minmay_wonky_spiral, layout_basic, guppyfry_early_lair_pool
D:4:      layout_loops_cross
D:5:      layout_cave_pools, serial_shops, nicolae_shop_statue_plus, shop_coins,
          shop, nicolae_shop_behind_doors
D:6:      minmay_clustersquares, layout_basic, kennysheep_donut,
          skrybe_limestone_x
D:7:      layout_basic, temple_green
D:8:      layout_rooms, mainiacjoe_overflow_chevrons, uniq_prince_ribbit1,
          uniq_joseph
D:9:      layout_cave_pods, kennysheep_cluttered_room, corexii_hall_statues_t,
          minmay_ruined_shrine
D:10:     layout_basic, serial_shops, shop_coins, nicolae_specific_store,
          serial_bayou_lagoon_b
D:11:     layout_loops_cross, grunt_lair_entry_orc_guard_hut, elyvilon_altar_1,
          uniq_psyche, uniq_erolcha
D:12:     layout_roguey, erik_orc_2, eino_jars
Temple:   nicolae_temple_the_god_donut
Lair:1:   layout_cave_pods, grunt_megastairs_4
Lair:2:   nzn_winding_woodlands_three_and_one
          [nzn_winding_woodlands_5x15_crooked,
          nzn_winding_woodlands_5x15_lazy_stream,
          nzn_winding_woodlands_5x15_twine, nzn_winding_woodlands_center_lodge],
          layout_regular_city
Lair:3:   layout_roguey, shoals_dummy_entry, spider_nest_entry_a, ice2_lemuel
Lair:6:   guppyfry_lair_end_dragon, layout_cave_pods, wormcave,
          gauntlet_entry_generic, nicolae_quartered_pool_medium,
          lemuel_fruit_fields, infiniplex_staircase_pool

Skill      XL: |  1  2  3  4  5  6  7  8  9 10 11 12 13 |
---------------+----------------------------------------+-----
Stealth        | 1 2 3 4 5 7 8 11 12 14 15 | 15.0
Short Blades   | 4 5 6 7 8 9 11 12 13 | 13.5
Fighting       | 3 4 5 6 |  6.2
Dodging        | 5 6 7 8 10 11 13 14 15 | 15.1
Shields        | 1 3 4 6 7 8 |  8.3
Armour         | 3 5 |  5.1

Action                   |  1- 3 |  4- 6 |  7- 9 | 10-12 | 13-15 || total
-------------------------+-------+-------+-------+-------+-------++-------
Melee: Dagger            |   218 |   242 |    84 |       |       ||   544
       Short sword       |     8 |       |       |       |       ||     8
       Rapier            |       |       |   190 |  1041 |   489 ||  1720
Invok: Berserk           |     4 |     7 |     7 |    13 |     1 ||    32
       Trog's Hand       |       |       |     1 |     1 |       ||     2
       Brothers in Arms  |       |       |       |     1 |     2 ||     3
Evoke: Wand              |       |       |     3 |    16 |       ||    19
  Use: Scroll            |       |       |     8 |    16 |     3 ||    27
       Potion            |       |       |     3 |     1 |       ||     4
 Stab: Sleeping          |     8 |     9 |    14 |    15 |       ||    46
Armor: Animal skin       |    33 |    22 |    24 |    26 |       ||   105
       Troll leather arm |       |       |       |    35 |    69 ||   104
Dodge: Dodged            |   173 |   168 |   213 |   663 |   392 ||  1609
Block: Buckler           |       |       |       |   283 |   224 ||   507

Table legend: (Time is in decaauts)
 A = Elapsed time spent in this place.
 B = Non-inter-level travel time spent in this place.
 C = Inter-level travel time spent in this place.
 D = Time resting spent in this place.
 E = Time spent auto-exploring this place.
 F = Levels seen in this place.
 G = Mean time per level.
                   A        B        C        D        E       F      G
               +--------+--------+--------+--------+--------+-----+--------+
         Total |  13929 |  13731 |    198 |   4712 |   5385 |  18 |  773.8 |
       Dungeon |  11623 |  11454 |    169 |   4712 |   4179 |  12 |  968.6 |
        Temple |    152 |    146 |      6 |      0 |    135 |   1 |  152.0 |
          Lair |   1858 |   1835 |     23 |      0 |   1071 |   4 |  464.5 |
      Gauntlet |    294 |    294 |      0 |      0 |      0 |   1 |  294.0 |
               +--------+--------+--------+--------+--------+-----+--------+

Top non-repeatable levels by time:
     D:1: 1827 daAuts
     D:4: 1358 daAuts
     D:2: 1165 daAuts
     D:9: 1133 daAuts
     D:3: 1088 daAuts
    D:10: 1060 daAuts
     D:6: 1013 daAuts
     D:5: 913 daAuts
     D:8: 811 daAuts
  Lair:2: 722 daAuts
     D:7: 695 daAuts
  Lair:1: 658 daAuts
    D:11: 548 daAuts
  Lair:3: 355 daAuts
Gauntlet: 294 daAuts
